 Dungeon Crawl Stone Soup version 0.21-a0-528-gf531e82 (webtiles) character file.

3957 Amnesiac the Archer (level 10, -4/77 HPs)
             Began as a Mummy Hunter on Dec 8, 2017.
             Was a Believer of Okawaru.
             Killed from afar by a killer bee (10 damage)
             ... with an exploding inner flame
             ... hexed by the player character
             ... on level 8 of the Dungeon.
             The game lasted 00:12:43 (7971 turns).

Amnesiac the Archer (Mummy Hunter)                  Turns: 7971, Time: 00:12:44

Health: -4/77      AC: 18    Str: 19    XL:     10   Next: 2%
Magic:  8/10       EV: 10    Int: 11    God:    Okawaru [**....]
Gold:   403        SH:  0    Dex: 12    Spells: 7/9 levels left

rFire    + . .     SeeInvis .   a - +1 shortbow
rCold    . . .     Gourm    .   (shield currently unavailable)
rNeg     + + +     Faith    +   z - +0 plate armour
rPois    ∞         Spirit   .   l - +1 helmet
rElec    +         Reflect  .   (no cloak)
rCorr    .         Harm     .   (no gloves)
MR       +....                  i - +0 pair of boots
Stlth    ..........             w - amulet of faith
HPRegen  0.22/turn              k - ring of fire
MPRegen  0.12/turn              B - ring "Hued" {+Blink rElec rF+ rN+}

@: heroism
A: no food or potions, fire vulnerability, cold resistance 1, negative energy
resistance 3, torment resistance, unbreathing
a: Heroism, Renounce Religion, Evoke Blink


You were on level 8 of the Dungeon.
You worshipped Okawaru.
Okawaru was pleased with you.
You were not hungry.

You visited 2 branches of the dungeon, and saw 9 of its levels.

You collected 403 gold pieces.

Inventory:

Hand Weapons
 a - a +1 shortbow (weapon)
 b - a +0 hunting sling
 e - a +3 morningstar
 q - a +0 short sword
 u - a +0 blowgun
Missiles
 c - 7 poisoned javelins
 d - 109 arrows (quivered)
 g - 36 poisoned needles
 o - 278 stones
 r - 95 sling bullets
 x - 2 throwing nets
Armour
 i - a +0 pair of boots (worn)
 l - a +1 helmet (worn)
 m - a +0 chain mail
 z - a +0 plate armour (worn)
Jewellery
 k - a ring of fire (left hand)
 s - an uncursed ring of fire
 w - an amulet of faith (around neck)
 B - the ring "Hued" (right hand) {+Blink rElec rF+ rN+}
   (You found it on level 7 of the Dungeon)

   [ring of protection from fire]

   It protects you from fire.
   It insulates you from electricity.
   It protects you from negative energy.
   It lets you blink.
Wands
 v - a wand of clouds (2)
 D - a wand of iceblast (6)
 E - a wand of digging (15)
Scrolls
 h - 2 scrolls of amnesia {!r}
 j - 5 scrolls of teleportation {!r}
 n - 3 scrolls of enchant weapon {!r}
 t - 6 scrolls of remove curse {!r}
 y - 2 scrolls of enchant armour {!r}
 A - a scroll of blinking {!r}
 C - a scroll of identify {!r}
 F - a scroll of magic mapping {!r}
Books
 f - a book of Geomancy

   Spells                             Type                      Level
   a - Sandblast                      Earth                        1
   b - Passwall                       Transmutation/Earth          2
   c - Stone Arrow                    Conjuration/Earth            3
   d - Petrify                        Transmutation/Earth          4
   e - Lee's Rapid Deconstruction     Earth                        5


   Skills:
 + Level 6.7(11.7) Fighting
 * Level 8.3(13.3) Bows
 + Level 5.5(10.5) Armour
 + Level 5.5(10.5) Dodging
 - Level 0.7(5.7) Stealth


You had 7 spell levels left.
You knew the following spells:

 Your Spells              Type           Power        Failure   Level  Hunger
b - Passwall              Tmut/Erth      #.........   100%        2    N/A

Dungeon Overview and Level Annotations

Branches:
Dungeon (8/15)             Temple (1/1) D:5            Lair (0/6) D:8

Altars:
Cheibriados
Dithmenos
Elyvilon
Fedhas
Gozag
Hepliaklqana
Kikubaaqudgha
Makhleb
Okawaru
Qazlal
Ru
Sif Muna
Trog
Uskayaw
Vehumet
Wu Jian
Xom
Yredelemnul
Zin
The Shining One

Shops:
D:4 !


Innate Abilities, Weirdness & Mutations

You do not eat or drink.
Your flesh is vulnerable to fire.
You are immune to poison.
Your flesh is cold resistant. (rC+)
You are immune to negative energy. (rN+++)
You are immune to unholy pain and torment.
You can survive without breathing.


Message History

The killer bee stings you but does no damage.
The killer bee stings you.
* * * LOW HITPOINT WARNING * * *
The killer bee stings you but does no damage.
The killer bee closely misses you. The killer bee barely misses you.
The killer bee completely misses you. The killer bee stings you.
* * * LOW HITPOINT WARNING * * *
The killer bee closely misses you.
The killer bee stings you but does no damage.
The killer bee closely misses you.
Firing (i - inventory. (,) - cycle):
d - 111 arrows (quivered)
Press: ? - help, Shift-Dir - straight line, f/p - killer bee
Aim: a killer bee (moderately wounded, inner flame)
You shoot an arrow. The arrow misses the killer bee.
The killer bee stings you but does no damage. x2
The killer bee barely misses you. The killer bee stings you.
* * * LOW HITPOINT WARNING * * *
The killer bee closely misses you.
The killer bee stings you but does no damage.
The killer bee barely misses you. x2; The killer bee stings you.
* * * LOW HITPOINT WARNING * * *
Firing (i - inventory. (,) - cycle):
d - 110 arrows (quivered)
Press: ? - help, Shift-Dir - straight line, f/p - killer bee
Aim: a killer bee (moderately wounded, inner flame)
You shoot an arrow. The arrow barely misses the killer bee.
The killer bee stings you but does no damage.
The killer bee barely misses you.
The killer bee stings you but does no damage. x3
The killer bee barely misses you. x2; The killer bee closely misses you.
The killer bee stings you but does no damage.
You gain the combat prowess of a mighty hero.
The killer bee stings you but does no damage.
The killer bee closely misses you.
The killer bee stings you but does no damage.
The killer bee closely misses you.
The killer bee stings you but does no damage.
The killer bee stings you.
* * * LOW HITPOINT WARNING * * *
The killer bee barely misses you. x2; The killer bee stings you.
* * * LOW HITPOINT WARNING * * *
The killer bee closely misses you.
Firing (i - inventory. (,) - cycle):
d - 109 arrows (quivered)
Press: ? - help, Shift-Dir - straight line, f/p - killer bee
Aim: a killer bee (moderately wounded, inner flame)
You shoot an arrow. The arrow hits the killer bee!
The killer bee explodes!
The fiery explosion engulfs the killer bee.
The killer bee explodes!
The fiery explosion engulfs the killer bee.
The killer bee is heavily wounded.
The fiery explosion engulfs the killer bee.
The killer bee explodes!
The fiery explosion engulfs the killer bee.
The killer bee explodes!
The fiery explosion engulfs the killer bee.
The killer bee explodes!
The fiery explosion engulfs you! You resist.
* * * LOW HITPOINT WARNING * * *
The fiery explosion engulfs the killer bee.
The killer bee explodes!
The fiery explosion engulfs the black bear.
The black bear is severely wounded.
The fiery explosion engulfs you! You resist.
You die...

........# #.......###..
.(.......# #........####
(......(..# #..........##
..........# ##..........#
....(.....#######........#
.....(.....†....#..#######
.......§§h§.......##
.......§§§####.....#
......§§§@# ##.....##
....>(§§§§###...##..#
.....(.§§###...####.##
........###...## #..#
#.(..######..## ##.####
##### ##..## ###....##
##†.## #........ ###...##
####..### ##......# ##.##


You could see a black bear.

Vanquished Creatures
  Pikel (D:6)
  The ghost of anet the Magician, a novice DEWz of Ashenzari (D:8)
  Joseph (D:7)
  Psyche (D:8)
  A hornet (D:8)
  Grinder (D:3)
  Prince Ribbit (D:5)
  A water moccasin (D:8)
  An orc warrior (D:8)
  2 slaves (D:6)
  3 sky beasts
  2 centaurs
  A wyvern zombie (D:8)
  A wyvern skeleton (D:8)
  A scorpion (D:4)
  2 howler monkeys
  4 wights (D:6)
  A crimson imp (D:8)
  A jelly (D:6)
  2 bullfrog zombies
  6 hounds
  An orc priest (D:4)
  3 orc wizards
  A centaur skeleton (D:7)
  2 iguanas
  4 worker ants
  4 gnolls (D:8)
  7 adders
  2 shadow imps (D:8)
  An adder skeleton (D:8)
  3 worms
  A dart slug (D:1)
  3 leopard geckos
  13 orcs
  5 giant cockroaches
  3 goblins (D:2)
  5 hobgoblins
  14 jackals
  5 kobolds
  3 quokkas
  A ball python (D:7)
  A ball python zombie (D:5)
  5 bats
  3 frilled lizards
  A quokka skeleton (D:4)
  4 rats
130 creatures vanquished.

Notes
Turn   | Place    | Note
-------+----------+-------------------------------------------
     0 | D:1      | Amnesiac the Mummy Hunter began the quest for the Orb.
     0 | D:1      | Reached XP level 1. HP: 16/16 MP: 1/1
    98 | D:1      | Reached skill level 1 in Armour
   125 | D:1      | Reached XP level 2. HP: 22/22 MP: 2/2
   726 | D:2      | Reached XP level 3. HP: 27/27 MP: 3/3
  1487 | D:3      | Found a hide-covered altar of Uskayaw.
  1614 | D:3      | Noticed Grinder
  1634 | D:3      | Paralysed by Grinder for 6 turns
  1647 | D:3      | Killed Grinder
  1647 | D:3      | Reached skill level 4 in Bows
  1647 | D:3      | Reached XP level 4. HP: 12/35 MP: 4/4
  1647 | D:3      | Reached XP level 5. HP: 14/41 MP: 5/5
  2025 | D:3      | Reached XP level 6. HP: 47/47 MP: 6/6
  2053 | D:3      | Found a bloodstained altar of Trog.
  2632 | D:4      | Found Tukohyteo's Distillery.
  2829 | D:4      | Reached XP level 7. HP: 36/53 MP: 7/7
  2978 | D:5      | Entered Level 5 of the Dungeon
  3040 | D:5      | Learned a level 2 spell: Passwall
  3082 | D:5      | Noticed Prince Ribbit
  3119 | D:5      | Killed Prince Ribbit
  3119 | D:5      | Reached skill level 5 in Bows
  3498 | D:5      | Found a staircase to the Ecumenical Temple.
  3510 | Temple   | Entered the Ecumenical Temple
  3844 | D:6      | Found a stormy altar of Qazlal.
  3847 | D:6      | Found a blossoming altar of Fedhas.
  3848 | D:6      | Found a radiant altar of Vehumet.
  4043 | D:6      | Reached XP level 8. HP: 24/61 MP: 8/8
  4430 | D:6      | Reached skill level 6 in Bows
  4652 | D:6      | Noticed Pikel
  4693 | D:6      | Killed Pikel
  4693 | D:6      | Reached skill level 5 in Fighting
  5369 | D:7      | Noticed Joseph
  5578 | D:7      | Killed Joseph
  5578 | D:7      | Reached skill level 7 in Bows
  5578 | D:7      | Reached XP level 9. HP: 63/69 MP: 9/9
  5790 | D:7      | Got a faintly glowing copper ring
  5792 | D:7      | Identified the ring "Hued" {+Blink rElec rF+ rN+} (You found it on level 7 of the Dungeon)
  6750 | D:8      | Found an ancient bone altar of Kikubaaqudgha.
  6771 | D:8      | Found a hazy altar of Hepliaklqana.
  6798 | D:8      | Found a staircase to the Lair.
  6885 | D:8      | Found a basalt altar of Yredelemnul.
  6887 | D:8      | Found a deep blue altar of Sif Muna.
  6888 | D:8      | Found an iron altar of Okawaru.
  6896 | D:8      | Became a worshipper of Warmaster Okawaru
  6919 | D:8      | Noticed Psyche
  6932 | D:8      | Killed Psyche
  6932 | D:8      | Reached skill level 5 in Armour
  6932 | D:8      | Reached skill level 5 in Dodging
  7027 | D:8      | Reached * piety under Okawaru
  7049 | D:8      | Found an opulent altar of Gozag.
  7091 | D:8      | Noticed anet's ghost (novice DEWz)
  7115 | D:8      | Killed anet's ghost
  7115 | D:8      | Reached skill level 8 in Bows
  7892 | D:8      | Reached ** piety under Okawaru
  7892 | D:8      | Reached XP level 10. HP: 53/77 MP: 10/10
  7971 | D:8      | Killed from afar by a killer bee

Vault maps used:
D:1:      dpeg_arrival_arbitrary_c
D:3:      lemuel_doored_altar, nicolae_overflow_hidden_temple,
          minmay_misc_feat_hallway, uniq_grinder
D:4:      first_bread, serial_shops, shop, minmay_cut_off
D:5:      temple_pool_b, uniq_prince_ribbit1
D:6:      minitemple, uniq_pikel
D:7:      uniq_joseph
D:8:      grunt_gozag_breadcrumbs, grunt_temple_overflow_open,
          dpeg_oklobed_lair, uniq_psyche
Temple:   jpeg_temple_island

Skill      XL: |  1  2  3  4  5  6  7  8  9 |
---------------+----------------------------+-----
Armour         | 1 2 3 4 5 |  5.5
Fighting       | 3 4 5 6 |  6.7
Bows           | 4 5 7 8 |  8.3
Dodging        | 2 3 4 5 |  5.5
Stealth        | |  0.7

Action                   |  1- 3 |  4- 6 |  7- 9 | 10-12 || total
-------------------------+-------+-------+-------+-------++-------
 Fire: Shortbow          |    64 |       |   342 |    17 ||   423
       Hunting sling     |    63 |   139 |   207 |       ||   409
Throw: Javelin           |       |       |     8 |       ||     8
Invok: Heroism           |       |       |       |     1 ||     1
Evoke: Wand              |       |       |     4 |       ||     4
  Use: Scroll            |       |       |    11 |     2 ||    13
Armor: Leather armour    |     4 |       |       |       ||     4
       Chain mail        |    28 |    60 |       |       ||    88
       Plate armour      |       |       |   212 |    58 ||   270
Dodge: Dodged            |    31 |    46 |   113 |    53 ||   243

Table legend:
 A = Spawn XP
 B = Non-spawn XP
 C = Spawn XP percentage of total XP
 D = Spawn monster count
 E = Non-spawn monster count
 F = Spawn count percentage of total count
 G = Total turns spent on level
                    A         B        C        D         E        F      G
               +---------+---------+-------+---------+---------+-------+---------
         Total |       0 |    5654 |   0.0 |       0 |     128 |   0.0 |  7971
               +---------+---------+-------+---------+---------+-------+---------
           D:1 |       0 |      25 |   0.0 |       0 |      12 |   0.0 |   507
           D:2 |       0 |      21 |   0.0 |       0 |      11 |   0.0 |   779
           D:3 |       0 |     335 |   0.0 |       0 |      16 |   0.0 |   822
           D:4 |       0 |     359 |   0.0 |       0 |      23 |   0.0 |   870
           D:5 |       0 |     276 |   0.0 |       0 |       5 |   0.0 |   733
           D:6 |       0 |    1567 |   0.0 |       0 |      21 |   0.0 |  1730
           D:7 |       0 |     946 |   0.0 |       0 |      13 |   0.0 |  1311
           D:8 |       0 |    2125 |   0.0 |       0 |      27 |   0.0 |  1190
               +---------+---------+-------+---------+---------+-------+---------
